 Dungeon Crawl Stone Soup version 0.23.0-3-gf3c87f2 (webtiles) character file.

Game seed: 6137845102288126437

95783 Monsterracer the Severer (level 15, 0/144 HPs)
             Began as a Minotaur Berserker on Feb 24, 2019.
             Was the Champion of Trog.
             Killed by the raging water
             ... invoked by a water nymph
              (21 damage)
             ... on level 4 of the Shoals.
             The game lasted 00:14:58 (16962 turns).

Monsterracer the Severer (Minotaur Berserker)      Turns: 16962, Time: 00:14:59

Health: 0/144      AC: 26    Str: 27    XL:     15   Next: 67%
Magic:  14/14      EV: 10    Int:  6    God:    Trog [******]
Gold:   321        SH: 23    Dex: 11    Spells: 14/14 levels left

rFire    . . .     SeeInvis .   a - +9 broad axe (chop)
rCold    + . .     Gourm    .   F - +2 large shield {reflect}
rNeg     . . .     Faith    .   w - +2 plate armour {rF+}
rPois    .         Spirit   .   (helmet restricted)
rElec    +         Reflect  +   o - +2 cloak
rCorr    .         Harm     .   O - +0 pair of gloves
MR       +++..                  K - +0 pair of boots of the Poles {rElec Regen+ Int+2}
Stlth    ..........             i - amulet of regeneration
HPRegen  2.14/turn              G - ring of ice
MPRegen  0.14/turn              q - +2 ring of evasion

@: mesmerised, regenerating, very slow
A: retaliatory headbutt, horns 2
a: Berserk, Trog's Hand, Brothers in Arms, Renounce Religion


You were on level 4 of the Shoals.
You worshipped Trog.
Trog was exalted by your worship.
You were not hungry.

You visited 3 branches of the dungeon, and saw 21 of its levels.
You visited the Abyss 1 time.
You also visited: Gauntlet and Ice Cave.

You collected 1502 gold pieces.
You spent 1181 gold pieces at shops.


Innate Abilities, Weirdness & Mutations

You reflexively headbutt those who attack you in melee.
You have a pair of horns on your head.


   Skills:
 * Level 16.3 Fighting
 - Level 18.0 Axes
 + Level 15.4 Armour
 + Level 5.1 Dodging
 + Level 15.2 Shields


You had 14 spell levels left.
You didn't know any spells.
Your spell library was empty.

Inventory:

Hand Weapons
 a - a +9 broad axe of chopping (weapon)
   (You bought it in a shop on level 6 of the Dungeon)
 b - a +9 broad axe of venom
   (Trog gifted it to you on level 15 of the Dungeon)
Missiles
 B - a throwing net (quivered)
Armour
 o - a +2 cloak (worn)
   (You found it on level 2 of the Dungeon)
 w - a +2 plate armour of fire resistance (worn)
   (You bought it in a shop on level 4 of the Shoals)
 F - a +2 large shield of reflection (worn)
   (You took it off Louise on level 14 of the Dungeon)
 K - the +0 pair of boots of the Poles (worn) {rElec Regen+ Int+2}
   (You found it in a Gauntlet)

   It affects your intelligence (+2).
   It insulates you from electricity.
   It increases your rate of regeneration.
 O - a +0 pair of gloves (worn)
   (You found it in a Gauntlet)
Jewellery
 i - an amulet of regeneration (around neck)
   (You found it on level 3 of the Dungeon)
 q - a +2 ring of evasion (right hand)
   (You found it on level 1 of the Lair of Beasts)
 s - an uncursed ring of resist corrosion
   (You found it on level 5 of the Dungeon)
 G - a ring of ice (left hand)
   (You found it in a Gauntlet)
Wands
 k - a wand of clouds (6)
   (You found it on level 7 of the Dungeon)
 x - a wand of acid (16)
   (You found it on level 6 of the Dungeon)
 N - a wand of digging (5)
   (You found it in a Gauntlet)
Scrolls
 f - 4 scrolls of identify
 l - 6 scrolls of enchant armour
 m - 2 scrolls of magic mapping
 p - 2 scrolls of enchant weapon
 r - 12 scrolls of remove curse
 t - 8 scrolls of teleportation
 u - 3 scrolls of fog
 v - a scroll of brand weapon
 z - 3 scrolls of immolation
 A - 4 scrolls of fear
 H - a scroll of holy word
 X - 2 scrolls of blinking
Potions
 d - 6 potions of heal wounds
 e - 8 potions of curing
 g - 4 potions of berserk rage
 h - 4 potions of haste
 j - 2 potions of might
 n - 5 potions of flight
 y - 2 potions of ambrosia
 C - 4 potions of mutation
 E - a potion of invisibility
 I - 3 potions of lignification
 J - a potion of cancellation
 P - 2 potions of magic
Comestibles
 c - 25 rations

Dungeon Overview and Level Annotations

Branches:
Dungeon (15/15)            Temple (0/1) D:7            Lair (2/6) D:11
 Shoals (4/4) Lair:2          Orc (0/2) D:12         Vaults (0/5) D:13
 Depths (0/5) D:15
  Snake: Lair:2-4    Spider: Lair:2-4

Altars:
Cheibriados
Fedhas
Gozag
Okawaru
Uskayaw

Shops:
D:4 [   D:5 ?   D:6 (   Shoals:4 [(

Portals:
Trove: D:12 (give 17 potions of curing)

Annotations:
Lair:2 exclusion: 3 oklob plants

....≈.............≈≈≈≈≈≈.#.#.≈#≈≈
..(.................≈≈≈≈≈#..≈## ≈
.....................†(≈≈#..#≈
.........................#≈..≈≈
....................<....##≈..
.........######...........##≈≈
........## ...#.)........#
..#+#..## .#)#)$....†≈≈# ..+ +..#
..#@#†§....≈≈≈..... ..#+#..#
.≈≈≈m≈mm#§§....≈≈≈≈≈... .......#
.≈##≈m≈m#..§....≈≈≈.... ....≈..#
#≈#..#........≈≈.... ≈P≈≈≈P≈#
.≈≈..≈#.............. ≈PP≈≈≈≈#
#....≈##≈.?........... ≈P≈≈≈≈≈≈
#≈≈ ≈≈# ≈≈≈...........# ≈≈≈≈≈≈≈≈
###### ≈≈≈≈≈≈≈≈


You could see a merfolk avatar, 2 merfolk impalers, a merfolk siren and a water
nymph.


Message History

The merfolk javelineer is engulfed in a cloud of scalding steam.
The merfolk javelineer throws a javelin.
The javelin barely misses you.
You hear a splash.
The merfolk impaler misses you.
You are too mesmerised to rage.
You slash the merfolk javelineer! You headbutt the merfolk javelineer!
The merfolk javelineer is heavily wounded.
You slash the merfolk impaler! You block the merfolk siren's attack.
The merfolk impaler hits you with a +0 trident.
You block the merfolk impaler's attack.
The merfolk aquamancer is engulfed in a cloud of scalding steam.
The merfolk aquamancer dies!
The merfolk avatar chants its luring song.
You take 4 damage, and have 85/144 hp.
You closely miss the merfolk javelineer.
The merfolk javelineer is heavily wounded.
You hit the merfolk impaler.
The merfolk javelineer throws a javelin.
The javelin hits you but does no damage.
The merfolk impaler hits you but does no damage.
You block the merfolk impaler's attack. The merfolk siren misses you.
The merfolk impaler hits you but does no damage.
You hit the merfolk javelineer.
You headbutt the merfolk javelineer, but do no damage.
The merfolk javelineer is heavily wounded.
You hit the merfolk impaler.
The merfolk avatar chants its luring song.
The merfolk impaler hits you but does no damage.
The merfolk javelineer throws a javelin.
The javelin hits you!!
You block the merfolk impaler's attack. x2
You take 18 damage, and have 68/144 hp.
You are too injured to fight recklessly!
You closely miss the merfolk impaler. You headbutt the merfolk impaler.
The merfolk impaler is heavily wounded.
You slice the merfolk javelineer!!
The merfolk siren chants a haunting song.
You resist with almost no effort.
The merfolk javelineer throws a javelin.
You reflect the javelin off your +2 large shield of reflection!
The javelin completely misses the merfolk javelineer.
The javelin hits the merfolk siren!
You block the merfolk impaler's attack.
The merfolk impaler hits you from afar with a +2 demon trident of flaming.
The merfolk impaler burns you.
You take 2 damage, and have 66/144 hp.
You slice the merfolk impaler!!
The merfolk impaler is almost dead.
You slash the merfolk javelineer!
You kill the merfolk javelineer!
Trog accepts your kill.
You hear a splash. x3
The merfolk avatar chants its luring song.
The merfolk impaler closely misses you.
The merfolk siren chants a haunting song.
You resist with almost no effort.
Splash!
You fall into the shallow water.
Moving in this stuff is going to be slow.
You block the merfolk impaler's attack.
Your unstable footing causes you to fumble your attack.
You block the merfolk impaler's attack. x2
The merfolk avatar chants its luring song.
The merfolk siren hits you from afar with a +0 trident!
You take 6 damage, and have 61/144 hp.
Your shield and plate armour prevent you from hitting the merfolk impaler.
The merfolk impaler is almost dead.
You slash the water nymph! You block the water nymph's attack.
You block the merfolk impaler's attack.
The merfolk impaler hits you but does no damage.
Okay, then.
You hit the water nymph but do no damage.
The water nymph is heavily wounded.
You closely miss the merfolk impaler.
The merfolk avatar chants its luring song.
You block the merfolk impaler's attack. You block the merfolk siren's attack.
The water nymph touches you. The water nymph drowns you!
You block the merfolk impaler's attack.
You take 6 damage, and have 56/144 hp.
You slash the water nymph!
The water nymph is severely wounded.
You hit the merfolk impaler. You block the merfolk impaler's attack.
The merfolk avatar chants its luring song.
The merfolk impaler hits you from afar with a +2 demon trident of flaming!
* * * LOW HITPOINT WARNING * * *
The merfolk impaler burns you!
* * * LOW HITPOINT WARNING * * *
The merfolk siren chants a haunting song.
You resist with almost no effort. The water nymph touches you!
* * * LOW HITPOINT WARNING * * *
The water nymph drowns you!
* * * LOW HITPOINT WARNING * * *
You take 39 damage, and have 17/144 hp.
MASSIVE DAMAGE!!
Your unstable footing causes you to fumble your attack.
The merfolk impaler closely misses you. You furiously retaliate!
You headbutt the merfolk impaler.
You block the merfolk impaler's attack. x2
You regained 2 hp, and now have 19/144 hp.
Your unstable footing causes you to fumble your attack.
The water nymph gestures at you while chanting.
The water swirls and strikes you!
You die...

Skill      XL: |  1  2  3  4  5  6  7  8  9 10 11 12 13 14 15 |
---------------+----------------------------------------------+-----
Axes           | 4 5 6 7 8 9 11 13 14 16 17 18 | 18.0
Fighting       | 4 5 6 7 8 9 11 12 13 15 16 | 16.3
Armour         | 3 4 5 6 8 9 10 12 13 14 15 | 15.4
Shields        | 1 2 3 4 5 7 8 10 11 12 14 15 | 15.2
Dodging        | 5 |  5.1

Action                   |  1- 3 |  4- 6 |  7- 9 | 10-12 | 13-15 || total
-------------------------+-------+-------+-------+-------+-------++-------
Melee: Hand axe          |    75 |   122 |   364 |    15 |     9 ||   585
       Headbutt          |    13 |    19 |    77 |    78 |   144 ||   331
       Broad axe         |       |       |       |   492 |   686 ||  1178
Invok: Berserk           |     1 |     1 |     7 |     7 |    11 ||    27
       Trog's Hand       |       |       |       |     1 |     2 ||     3
  Use: Scroll            |       |     8 |     8 |    17 |     9 ||    42
 Stab: Sleeping          |     2 |       |       |       |       ||     2
       Petrified         |       |       |       |       |     4 ||     4
       Petrifying        |       |       |       |       |     2 ||     2
       Distracted        |       |       |       |       |     1 ||     1
  Eat: Chunk             |     2 |     3 |    13 |    19 |    22 ||    59
       Ration            |       |     1 |     1 |     1 |     4 ||     7
Armor: Animal skin       |    17 |       |       |       |       ||    17
       Scale mail        |    11 |    24 |       |       |       ||    35
       Chain mail        |       |    15 |   137 |   117 |   185 ||   454
       Plate armour      |       |       |    14 |   141 |    26 ||   181
Dodge: Dodged            |    43 |    30 |    60 |   115 |   135 ||   383
Block: Shield            |       |    36 |   149 |   291 |       ||   476
       Large shield      |       |       |       |       |   640 ||   640
       Reflection        |       |       |       |       |    55 ||    55

Levels and vault maps discovered:
D:1:      evilmike_arrival_run_for_it, layout_basic
D:2:      layout_loops_ring, serial_park_tiny_2, minmay_misc_feat_more_columns,
          uniq_jessica
D:3:      layout_loops_ring, overflow_temple_1_default, first_ration,
          cheibriados_altar_1, uniq_robin, uniq_sigmund, uniq_terence
D:4:      layout_loops_ring, serial_shops, shop, uniq_crazy_yiuf_cottage,
          uniq_grinder
D:5:      layout_basic, serial_shops, shop, grunt_decor_resistance,
          fedhas_altar_2
D:6:      layout_rooms, serial_shops, shop, kb_lookout_dungeons_type,
          minmay_fractal_squares_gapless_5, uniq_edmund
D:7:      wad_woods_settlement, layout_basic, temple_fountains
D:8:      layout_cave_pods, gammafunk_ghost_cemetery, uniq_joseph
D:9:      cheibrodos_helix_gallery, layout_loops_corners, special_room
          [special_room_bee]
D:10:     layout_roguey, hangedman_stone_soup, minmay_st_funbox
D:11:     layout_cave_pools, grunt_lair_entry_orc_guard_hut, uniq_josephine
D:12:     layout_loops_cross, erik_orc_4, enter_trove_5,
          chequers_serial_rivers_micro_c
D:13:     layout_roguey, erik_vaults_1, maelrawn_ghost_gauntlet_escape,
          minivault_16
D:14:     layout_loops_ring, bh_walls_and_bars, grunt_gozag_breadcrumbs,
          uniq_louise
D:15:     grunt_enter_depths_magical_seal, layout_irregular_city,
          gauntlet_entry_generic, grunt_decor_clamped
Lair:1:   layout_regular_city, portal_ice_cave_entry_pillars_2
Lair:2:   layout_cave_pods, minmay_shoals_entry_hut, minmay_lair_oklob_chamber
Shoals:1: layout_shoals, st_shoals_ruin
Shoals:2: layout_shoals, nicolae_shoals_kraken_intersection, uniq_polyphemus,
          uniq_ilsuiw, uniq_nikola
Shoals:3: layout_shoals, lemuel_altar_in_water
Shoals:4: shoals_end_hangedman, layout_shoals, serial_shops, shop,
          nicolae_shop_behind_doors, shop
Abyss:3
IceCv:    ice_cave_tombish
Gauntlet: minmay_gauntlet_mixed_big_or_small [nicolae_gauntlet_swirl,
          minmay_gauntlet_arena_77_fan, nicolae_gauntlet_arena_t_cross,
          minmay_gauntlet_arena_77_mess, gammafunk_gauntlet_arena_mazey,
          minmay_gauntlet_arena_77_chump_sandwich, gauntlet_exit_watery]

Notes
Turn   | Place    | Note
-------+----------+-------------------------------------------
     0 | D:1      | Monsterracer the Minotaur Berserker began the quest for the
                  | Orb.
     0 | D:1      | Reached XP level 1. HP: 19/19 MP: 0/0
   254 | D:1      | Reached skill level 4 in Axes
   258 | D:1      | Reached XP level 2. HP: 16/27 MP: 1/1
   741 | D:1      | Reached XP level 3. HP: 30/33 MP: 2/2
   954 | D:1      | Reached ** piety under Trog
  1359 | D:2      | Noticed Jessica
  1362 | D:2      | Killed Jessica
  1362 | D:2      | Reached skill level 5 in Axes
  1362 | D:2      | Reached XP level 4. HP: 41/41 MP: 3/3
  1385 | D:2      | Noticed a bullfrog
  1393 | D:2      | Killed a bullfrog
  1393 | D:2      | Reached skill level 1 in Shields
  1393 | D:2      | Reached XP level 5. HP: 45/47 MP: 4/4
  2362 | D:3      | Noticed Terence
  2375 | D:3      | Killed Terence
  2445 | D:3      | Found an iron altar of Okawaru.
  2452 | D:3      | Noticed Sigmund
  2461 | D:3      | Killed Sigmund
  2461 | D:3      | Reached skill level 5 in Fighting
  2461 | D:3      | Reached skill level 6 in Axes
  2461 | D:3      | Reached XP level 6. HP: 56/56 MP: 5/5
  2515 | D:3      | Found a snail-covered altar of Cheibriados.
  2620 | D:3      | Reached *** piety under Trog
  2621 | D:3      | Noticed Robin
  2629 | D:3      | Killed Robin
  2807 | D:4      | Reached skill level 7 in Axes
  2807 | D:4      | Reached XP level 7. HP: 40/61 MP: 6/6
  2842 | D:4      | Found Ypreny's Antique Armour Shoppe.
  3040 | D:4      | Found a runed translucent door.
  3041 | D:4      | Noticed Crazy Yiuf
  3101 | D:4      | Noticed Grinder
  3113 | D:4      | Paralysed by Grinder for 4 turns
  3117 | D:4      | Killed Grinder
  3117 | D:4      | Reached skill level 5 in Armour
  3319 | D:4      | Reached skill level 8 in Axes
  3581 | D:4      | Killed Crazy Yiuf
  3581 | D:4      | Reached XP level 8. HP: 70/70 MP: 7/7
  3672 | D:5      | Entered Level 5 of the Dungeon
  3813 | D:5      | Found Yntiq's Magic Scroll Boutique.
  3819 | D:5      | Bought a scroll of teleportation for 39 gold pieces
  3819 | D:5      | Bought a scroll of enchant armour for 97 gold pieces
  3907 | D:5      | Found a blossoming altar of Fedhas.
  4259 | D:5      | Reached skill level 9 in Axes
  4259 | D:5      | Reached skill level 5 in Shields
  4348 | D:6      | Found Denil's Antique Weapon Emporium.
  4418 | D:6      | Noticed Edmund
  4429 | D:6      | Killed Edmund
  4433 | D:6      | Reached **** piety under Trog
  4570 | D:6      | Reached XP level 9. HP: 42/79 MP: 8/8
  4798 | D:6      | Reached skill level 10 in Axes
  5014 | D:6      | Got a faintly glowing mace
  5244 | D:7      | Reached ***** piety under Trog
  5252 | D:7      | Reached skill level 11 in Axes
  5580 | D:7      | Found a staircase to the Ecumenical Temple.
  5598 | D:7      | Reached XP level 10. HP: 85/90 MP: 9/9
  5958 | D:6      | Bought a runed broad axe for 189 gold pieces
  6009 | D:8      | Noticed Joseph
  6027 | D:8      | Killed Joseph
  6436 | D:8      | Found a runed translucent gate.
  6436 | D:8      | Found a runed translucent gate.
  6436 | D:8      | Found a runed translucent gate.
  6440 | D:8      | Noticed xccam's ghost (novice GnWn)
  6440 | D:8      | Noticed vishdafish's ghost (novice GnSk)
  6872 | D:8      | Killed xccam's ghost
  6872 | D:8      | Reached skill level 12 in Axes
  6881 | D:8      | Killed vishdafish's ghost
  7401 | D:9      | Received a gift from Trog
  7466 | D:9      | Reached skill level 13 in Axes
  7470 | D:9      | Reached XP level 11. HP: 63/99 MP: 10/10
  7969 | D:10     | Entered Level 10 of the Dungeon
  8001 | D:10     | Reached skill level 10 in Fighting
  8114 | D:10     | Found a runed translucent door.
  8139 | D:10     | Received a gift from Trog
  8244 | D:10     | Noticed a deep elf mage
  8245 | D:10     | Noticed a soul eater
  8255 | D:10     | Killed a deep elf mage
  8560 | D:10     | Noticed a purple ugly thing
  8568 | D:10     | Killed a purple ugly thing
  8617 | D:10     | Reached skill level 10 in Armour
  9003 | D:4      | Bought a scorched chain mail for 256 gold pieces
  9013 | D:4      | Identified the +0 chain mail of the Orcish Mines {Str+4}
                  | (You bought it in a shop on level 4 of the Dungeon)
  9163 | D:11     | Noticed Josephine
  9172 | D:11     | Noticed a brown ugly thing
  9176 | D:11     | Killed Josephine
  9176 | D:11     | Reached skill level 14 in Axes
  9186 | D:11     | Killed a brown ugly thing
  9226 | D:11     | Reached skill level 10 in Shields
  9306 | D:11     | Found a staircase to the Lair.
  9382 | D:11     | Reached ****** piety under Trog
  9456 | D:11     | Reached XP level 12. HP: 110/110 MP: 11/11
  9475 | D:11     | Received a gift from Trog
  9602 | D:12     | Noticed a two-headed ogre
  9609 | D:12     | Killed a two-headed ogre
  9734 | D:12     | Reached skill level 15 in Axes
  9754 | D:12     | Found a staircase to the Orcish Mines.
 10314 | D:12     | Noticed a vault guard
 10322 | D:12     | Killed a vault guard
 10326 | D:12     | Found a portal to a secret trove of treasure.
 10387 | D:13     | You fall through a shaft!
 10401 | D:14     | Noticed a five-headed hydra
 10415 | D:14     | Killed a one-headed hydra
 10506 | D:14     | Received a gift from Trog
 10543 | D:14     | Noticed Louise
 10547 | D:14     | Cast into level 3 of the Abyss (Louise)
 10579 | Abyss:3  | Noticed a tentacled starspawn
 10587 | Abyss:3  | Killed a tentacled starspawn
 10587 | Abyss:3  | Reached skill level 16 in Axes
 10624 | D:14     | Escaped the Abyss
 10644 | D:14     | Killed Louise
 10644 | D:14     | Reached XP level 13. HP: 37/119 MP: 12/12
 10867 | D:13     | Noticed a minotaur
 10868 | D:13     | Noticed Lavandula's ghost (novice TrWn)
 10994 | D:13     | Found a runed translucent gate.
 10994 | D:13     | Found a runed translucent gate.
 10995 | D:13     | Found a runed translucent gate.
 11402 | D:13     | Found a gate to the Vaults.
 11594 | D:13     | Killed Lavandula's ghost
 11600 | D:13     | Killed a minotaur
 11685 | D:14     | Reached skill level 17 in Axes
 12140 | D:14     | Found an opulent altar of Gozag.
 12241 | D:15     | Entered Level 15 of the Dungeon
 12254 | D:15     | Received a gift from Trog
 12509 | D:15     | Found a gate leading to a gauntlet.
 12567 | Gauntlet | Entered a Gauntlet
 12567 | Gauntlet | Found a transporter.
 12567 | Gauntlet | Found a transporter.
 12567 | Gauntlet | Found a transporter.
 12578 | Gauntlet | Found a transporter.
 12580 | Gauntlet | Found a transporter.
 12589 | Gauntlet | Found a transporter.
 12591 | Gauntlet | Found a transporter.
 12602 | Gauntlet | Found a transporter.
 12617 | Gauntlet | Found a transporter.
 12634 | Gauntlet | Found a transporter.
 12637 | Gauntlet | Found a transporter.
 12647 | Gauntlet | Found a transporter.
 12761 | Gauntlet | Reached XP level 14. HP: 105/129 MP: 13/13
 12815 | Gauntlet | Got a pair of slimy boots
 12826 | Gauntlet | Identified the +0 pair of boots of the Poles {rElec Regen+
                  | Int+2} (You found it in a Gauntlet)
 12854 | Gauntlet | Got a warped trident
 13071 | D:15     | Reached skill level 18 in Axes
 13410 | D:15     | Found a staircase to the Depths.
 13429 | D:15     | Received a gift from Trog
 13901 | Lair:1   | Entered Level 1 of the Lair of Beasts
 14121 | Lair:1   | Found a frozen archway.
 14154 | IceCv    | Entered an ice cave
 14449 | IceCv    | Got a bloodstained robe
 14995 | Lair:2   | Found a staircase to the Shoals.
 15544 | Lair:2   | Received a gift from Trog
 15578 | Lair:2   | Got a pitted trident
 15784 | Shoals:1 | Entered Level 1 of the Shoals
 15881 | Shoals:1 | Reached skill level 15 in Fighting
 15894 | Shoals:1 | Reached XP level 15. HP: 138/141 MP: 14/14
 15994 | Shoals:2 | Noticed Polyphemus
 16020 | Shoals:2 | Killed Polyphemus
 16097 | Shoals:2 | Reached skill level 15 in Armour
 16185 | Shoals:3 | Found a hide-covered altar of Uskayaw.
 16493 | Shoals:4 | Entered Level 4 of the Shoals
 16605 | Shoals:4 | Reached skill level 15 in Shields
 16680 | Shoals:4 | Found Aruph's Armour Shop.
 16702 | Shoals:4 | Bought a +2 plate armour of fire resistance for 600 gold
                  | pieces
 16734 | Shoals:4 | Found Hetazxiri's Weapon Shop.
 16945 | Shoals:4 | Reached skill level 5 in Dodging
 16962 | Shoals:4 | Killed from afar by a water nymph

Vanquished Creatures
  A tentacled starspawn (Abyss:3)
  Polyphemus (Shoals:2)
  Louise (D:14)
  2 minotaurs (D:13 Gauntlet)
  A merfolk javelineer (Shoals:4)
  A fire dragon (D:15)
  7 merfolk impalers (Shoals:1 Shoals:2 Shoals:3 Shoals:4)
  Josephine (D:11)
  A vault guard (D:12)
  A catoblepas (Shoals:2)
  3 hydras (D:14 D:13 Gauntlet)
  The ghost of Lavandula the Grappler, a novice TrWn of Cheibriados (D:13)
  A death knight (D:15)
  8 centaur warriors (D:13 D:14 D:15)
  A merfolk aquamancer (Shoals:4)
  7 two-headed ogres (D:12 D:15)
  2 dancing weapons (D:13)
  A satyr (Shoals:4)
  4 death yaks (Shoals:2)
  2 ogre magi (D:15)
  A soul eater (Gauntlet)
  A sun demon (D:14)
  The ghost of vishdafish the Magician, a novice GnSk of Okawaru (D:8)
  The ghost of xccam the Sneak, a novice GnWn of Ru (D:8)
  2 unseen horrors (D:12 D:15)
  4 sea snakes (Shoals:1 Shoals:4)
  3 phantasmal warriors (D:15)
  A necromancer (IceCv)
  16 harpies (Shoals:1 Shoals:2 Shoals:3 Shoals:4)
  5 deep elf magi (D:10 D:12 D:13 D:15)
  A wolf spider zombie (D:14)
  4 ugly things (D:10 D:11 D:12 D:13)
  A manticore (Shoals:4)
  A black mamba (Lair:1)
  A worldbinder (Abyss:3)
  2 cyclopes (D:12)
  5 ice statues (D:13 IceCv)
  3 naga magi (D:15)
  6 water nymphs (Shoals:1 Shoals:2 Shoals:3 Shoals:4)
  3 merfolk sirens (Shoals:2 Shoals:3)
  Joseph (D:8)
  A torpor snail (Gauntlet)
  2 spiny frogs (Lair:1)
  A gargoyle (D:14)
  A redback zombie (D:15)
  A rime drake (shapeshifter) (D:15)
  4 komodo dragons (D:10 D:15 Lair:2)
  5 kobold demonologists (D:12 D:15)
  9 ice devils (IceCv)
  4 trolls (D:11 D:13 D:14)
  A polar bear (Lair:2)
  A queen bee (D:9)
  Grinder (D:4)
  A hornet (D:12)
  8 merfolk (Shoals:1 Shoals:2 Shoals:3 Shoals:4)
  A wind drake (Shoals:3)
  6 snapping turtles (Lair:2 Shoals:1 Shoals:3 Shoals:4)
  4 hippogriffs (D:10 D:11 Lair:1 Shoals:2)
  A slime creature (D:13)
  3 flying skulls (Gauntlet)
  A vampire (D:14)
  3 water elementals (Shoals:3 Shoals:4)
  Sigmund (D:3)
  2 shadows (D:14 D:15)
  6 wraiths (D:11 D:12 D:14)
  16 yaks (D:14 Lair:1 Lair:2)
  A tarantella (shapeshifter) (D:11)
  A wyvern (D:12)
  A basilisk (D:15)
  2 hungry ghosts (D:7 D:9)
  9 vampire mosquitoes (D:12 D:15)
  A warg (D:12)
  Edmund (D:6)
  4 water moccasins (D:9 Lair:1 Lair:2)
  9 porcupines (Lair:1 Lair:2)
  13 orc warriors (D:6 D:7 D:8 D:9 D:10)
  A meliai simulacrum (D:14)
  2 black bears (D:11)
  An eye of draining (D:12)
  3 phantoms (D:4 D:9 D:10)
  4 sky beasts (D:5 D:9 D:11)
  A necrophage (D:10)
  8 wolves (Lair:1 Lair:2)
  6 ice beasts (D:6 D:7 D:8 D:9 D:11)
  18 ogres (D:4 D:5 D:7 D:9 D:10)
  27 centaurs (D:6 D:8 D:10 D:11 D:13)
  2 crocodiles (D:9 D:10)
  5 big kobolds (D:11 D:12)
  15 bullfrogs (D:2 D:7 D:8 D:10 D:11)
  A wyvern zombie (D:9)
  A water moccasin zombie (D:6)
  3 scorpions (D:5 D:11)
  26 killer bees (D:8 D:9 D:10 D:11)
  11 wights (D:11 D:14)
  12 howler monkeys (D:6 D:7 D:10 D:11 D:13)
  8 crimson imps (D:6 D:7 D:10 D:12 D:14)
  2 bullfrog zombies (D:7 D:12)
  3 draconian simulacra (IceCv)
  5 jellies (D:6 D:7 D:11 D:15)
  2 quasits (D:5 D:11)
  6 centaur zombies (D:8 D:10 D:11 D:15)
  4 centaur skeletons (D:4 D:10 D:11 D:13)
  2 bullfrog skeletons (D:11 D:12)
  13 orc priests (D:3 D:6 D:7 D:8 D:9)
  8 hounds (D:5 D:7 D:8 D:10 D:13)
  Crazy Yiuf (D:4)
  Jessica (D:2)
  10 iguanas (D:4 D:5 D:6 D:8 D:9)
  Terence (D:3)
  25 orc wizards (D:6 D:7 D:9 D:10 D:11)
  3 troll simulacra (IceCv)
  16 worker ants (D:4 D:5 D:6 D:7 D:8)
  A centaur simulacrum (IceCv)
  A hound skeleton (D:5)
  Robin (D:3)
  2 worker ant zombies (D:5 D:6)
  12 adders (D:2 D:4 D:5 D:6 D:7)
  3 gnolls (D:7)
  3 naga simulacra (IceCv)
  3 river rats (D:7)
  7 shadow imps (D:11 D:12 Gauntlet)
  3 oozes (D:2 D:6)
  An adder skeleton (D:7)
  2 adder zombies (D:9)
  3 worms (D:1 D:3 D:4)
  3 dart slugs (D:1 D:2 D:3)
  6 leopard geckos (D:1 D:2 D:4 D:5 D:7)
  58 orcs (D:3 D:4 D:6 D:7 D:8)
  7 bats (D:1 D:2)
  3 giant cockroaches (D:2 D:6)
  11 goblins (D:1 D:2 D:3 D:12)
  11 hobgoblins (D:1 D:2 D:3)
  13 jackals (D:1 D:9 D:11)
  4 quokkas (D:3 D:5 D:6 D:9)
  2 ball pythons (D:1 D:2)
  3 frilled lizards (D:1 D:3)
  A giant cockroach zombie (D:5)
  27 kobolds (D:1 D:2 D:3 D:10 D:11)
  4 rats (D:1 D:3)
  A bush (D:6)
  3 fungi (D:11)
  5 plants (D:7 D:11 Shoals:1 Shoals:2)
  3 starspawn tentacles (Abyss:3)
700 creatures vanquished.

Vanquished Creatures (others)
  A merfolk aquamancer (Shoals:4)
  A centaur skeleton (D:10)
  2 centaurs (D:15)
  An orc (D:10)
  4 fungi (D:11 Gauntlet Lair:1)
  14 plants (D:7 Gauntlet Lair:2 Shoals:1 Shoals:2)
  A starspawn tentacle (Abyss:3)
24 creatures vanquished.

Grand Total: 724 creatures vanquished

Table legend:
 A = Turns spent in this place as a percentage of turns spent in the entire game.
 B = Non-inter-level travel turns spent in this place as a percentage of non-inter-level travel turns spent in the entire game.
 C = Inter-level travel turns spent in this place as a percentage of turns spent in this place.
 D = Turns resting spent in this place as a percentage of non-inter-level travel turns spent in this place.
 E = Turns spent auto-exploring this place as a percentage of non-inter-level travel turns spent in this place.
 F = Non-inter-level travel turns spent in this place divided by the number of levels of this place that you've seen.
                   A       B       C       D       E      F
               +-------+-------+-------+-------+-------+----------------------
         Total | 100.0 | 100.0 |   6.3 |   5.0 |  70.6 | 662.2
       Dungeon |  79.7 |  78.8 |   7.4 |   3.0 |  75.1 | 835.1
          Lair |   8.5 |   8.7 |   4.2 |   0.0 |  85.0 | 690.0
        Shoals |   6.9 |   7.3 |   1.1 |  30.8 |  28.0 | 291.2
         Abyss |   0.5 |   0.5 |   0.0 |   0.0 |   9.1 |  77.0
      Ice Cave |   2.6 |   2.8 |   0.0 |  15.8 |  38.0 | 442.0
      Gauntlet |   1.8 |   1.9 |   0.0 |   0.0 |  49.3 | 302.0
               +-------+-------+-------+-------+-------+----------------------

Table legend:
 A = Non-vault XP
 B = Vault XP
 C = Vault XP percentage of total XP
 D = Non-vault monster count
 E = Vault monster count
 F = Vault count percentage of total count
                 A         B        C        D         E       F
            +---------+---------+-------+---------+---------+-------
      Total |   88856 |   47978 |  35.1 |     527 |     164 |  23.7
            +---------+---------+-------+---------+---------+-------
        D:1 |      45 |       5 |  10.0 |      27 |       1 |   3.6
        D:2 |     154 |      37 |  19.4 |      20 |       1 |   4.8
        D:3 |      72 |     286 |  79.9 |      14 |      10 |  41.7
        D:4 |     526 |     325 |  38.2 |      11 |       2 |  15.4
        D:5 |     676 |       0 |   0.0 |      15 |       0 |   0.0
        D:6 |    1071 |     522 |  32.8 |      28 |       7 |  20.0
        D:7 |    1780 |      83 |   4.5 |      38 |       6 |  13.6
        D:8 |    1090 |    1987 |  64.6 |      20 |       3 |  13.0
        D:9 |    1489 |    1452 |  49.4 |      35 |      17 |  32.7
       D:10 |    2462 |    1365 |  35.7 |      24 |      12 |  33.3
       D:11 |    4612 |    2521 |  35.3 |      48 |      11 |  18.6
       D:12 |    7733 |    1570 |  16.9 |      49 |      17 |  25.8
       D:13 |    4758 |    6092 |  56.1 |      26 |      10 |  27.8
       D:14 |    9726 |    1734 |  15.1 |      43 |       1 |   2.3
       D:15 |   15300 |    6840 |  30.9 |      40 |      12 |  23.1
     Lair:1 |    3859 |       0 |   0.0 |      19 |       0 |   0.0
     Lair:2 |    2707 |    1148 |  29.8 |      14 |       6 |  30.0
   Shoals:1 |    7011 |       0 |   0.0 |      11 |       0 |   0.0
   Shoals:2 |    6496 |    6453 |  49.8 |      14 |       6 |  30.0
   Shoals:3 |    7904 |       0 |   0.0 |      17 |       0 |   0.0
   Shoals:4 |    6709 |    5548 |  45.3 |      12 |       7 |  36.8
    Abyss:3 |    2676 |       0 |   0.0 |       2 |       0 |   0.0
      IceCv |       0 |    5804 | 100.0 |       0 |      24 | 100.0
   Gauntlet |       0 |    4206 | 100.0 |       0 |      11 | 100.0
            +---------+---------+-------+---------+---------+-------
